 Dungeon Crawl Stone Soup version 0.18.1-8-gdd0e5ea (webtiles) character file.

122 sugabear the Ducker (level 5, -12/27 HPs)
             Began as a Vine Stalker Gladiator on May 28, 2016.
             Engulfed by a cloud of flame (15 damage)
             ... on level 3 of the Dungeon.
             The game lasted 00:03:21 (2155 turns).

sugabear the Ducker (Vine Stalker Gladiator)        Turns: 2155, Time: 00:03:22

Health: -12/27     AC:  7    Str: 18    XL:     5   Next: 6%
Magic:  0/6        EV: 12    Int:  8    God:
Gold:   126        SH:  0    Dex: 15    Spells: 0 memorised, 4 levels left

rFire  . . .     SeeInvis .     y - +1 whip (holy)
rCold  . . .     Gourm    .     t - +0 ring mail
rNeg   . . .     Faith    .     (no shield)
rPois  .         Spirit   +     c - +0 helmet
rElec  .         Dismiss  .     (no cloak)
rCorr  .         Reflect  .     h - +0 pair of gloves
SustAt .         Harm     .     (no boots)
MR     .....                    i - amulet of inaccuracy (curse)
Stlth  +.........               (no ring)
                                (no ring)

@: about to teleport, not resistant to hostile enchantments, very unstealthy
A: fangs 2, regeneration 1, magic shield, antimagic bite, no device heal 3, rot
immunity
a: no special abilities


You were on level 3 of the Dungeon.
You were very hungry.

You visited 1 branch of the dungeon, and saw 3 of its levels.

You collected 126 gold pieces.

Inventory:

Hand Weapons
 a - a +0 flail
 y - a +1 whip of holy wrath (weapon)
Missiles
 d - 6 throwing nets (quivered)
Armour
 b - a +0 leather armour
 c - a +0 helmet (worn)
 h - a +0 pair of gloves (worn)
 t - a +0 ring mail (worn)
Jewellery
 i - a cursed amulet of inaccuracy (around neck)
 k - an uncursed amulet of faith {unknown}
 u - an uncursed amulet of harm {unknown}
Wands
 q - a wand of confusion (42/48)
Scrolls
 w - a scroll of blinking {unknown}
 x - a scroll of identify {unknown}
Potions
 e - 5 potions of curing {unknown}
 j - a potion of magic {unknown}
 n - a potion of flight {unknown}
 o - a potion of resistance {unknown}
 p - a potion of cure mutation {unknown}
 r - 3 potions of heal wounds {unknown}
Comestibles
 f - 2 bread rations


   Skills:
 + Level 2.4 Fighting
 + Level 3.2 Maces & Flails
 + Level 1.8 Throwing
 + Level 1.6 Armour
 + Level 3.3 Dodging
 + Level 0.3 Stealth


You had 4 spell levels left.
You didn't know any spells.

Dungeon Overview and Level Annotations

Branches:
Dungeon (3/15)

Altars:
Cheibriados
Sif Muna


Innate Abilities, Weirdness & Mutations

You have extremely sharp teeth.
Your natural rate of healing is unusually fast.
When hurt, damage is shared between your health and your magic reserves.
Your bite disrupts and absorbs the magic of your enemies.
Potions and wands cannot restore your health.
You are immune to rotting.


Message History

Read which item? (? for menu, Esc to quit)
As you read the scroll labeled SIKLIZE DAIX, it crumbles to dust.
It is a scroll of recharging.
Charge which item? (? for menu, Esc to quit)
Your wand of confusion glows for a moment.
Read which item? (? for menu, Esc to quit)
As you read the scroll labeled RAZXANY BOTHI, it crumbles to dust.
You feel strangely unstable.
It was a scroll of teleportation.
Read which item? (? for menu, Esc to quit)
As you read the scroll labeled JOSOIMI JAPRO, it crumbles to dust.
The creatures around you are filled with an inner flame!
It was a scroll of immolation.
You whack the giant newt!
The giant newt explodes!
The fiery explosion engulfs you!
Ouch! That really hurt!
* * * LOW HITPOINT WARNING * * *
You are engulfed in roaring flames.
Ouch! That really hurt!
You die...

.# #.#.##..#.#.#........# *
'######.#.....#.#.#........######
........(.#...#.#.#.......<......
....###.#.#.#.#.#.######..#######
....# #.#.#>#>#.#.#*,.....,,,,,,,
....# #.#.#.###.#.##.#....,,,,,,,
....# #.#.#.# #<#.#*,###..,,,,,,,
....# #.#.#.#####.##.#####*******
....# #.#.......@§......,,,,,,,,,
....# #.###.#####§##.###**,**,***
....# #^# #.# *§..,,,,,,,,,,,,,
##### #.###.# *..#.#****,*,,,,* *
#.##..# *..#...,,,,,,,,,,
*****##.##..#####....,..,,,,,,,,,
,,,,..............%..,,.,,,,,,,,*
****###.##...........,,,,,,,,,,,*
#..............,,,,,,,,,,,,


There were no monsters in sight!

Vanquished Creatures
  5 adders
  2 worms (D:2)
  2 dart slugs
  A giant gecko (D:2)
  An orc (D:3)
  A giant cockroach (D:2)
  9 goblins
  3 hobgoblins
  8 jackals
  2 quokkas (D:2)
  3 ball pythons
  10 bats
  3 giant newts
  9 kobolds
  4 rats
63 creatures vanquished.

Notes
Turn   | Place    | Note
--------------------------------------------------------------
     0 | D:1      | sugabear the Vine Stalker Gladiator began the quest for the Orb.
     0 | D:1      | Reached XP level 1. HP: 11/11 MP: 2/2
   399 | D:1      | Reached XP level 2. HP: 11/15 MP: 3/3
   804 | D:2      | Reached XP level 3. HP: 18/18 MP: 4/4
   868 | D:2      | Reached skill level 1 in Armour
   989 | D:2      | Found a deep blue altar of Sif Muna.
  1045 | D:2      | Reached XP level 4. HP: 23/23 MP: 5/5
  1139 | D:2      | Found a snail-covered altar of Cheibriados.
  1787 | D:3      | Reached XP level 5. HP: 27/27 MP: 6/6
  2155 | D:3      | Engulfed by a cloud of flame

Skill      XL: |  1  2  3 |
---------------+----------+-----
Dodging        | 3 |  3.3
Fighting       | 2 |  2.4
Maces & Flails | 3 |  3.2
Armour         | 1 |  1.6
Throwing       | |  1.8
Stealth        | |  0.3

Action                   |  1- 3 |  4- 6 || total
-------------------------+-------+-------++-------
Melee: Flail             |   100 |    68 ||   168
       Bite              |    25 |    12 ||    37
       Whip              |       |     1 ||     1
  Use: Scroll            |       |     5 ||     5
  Eat: Chunk             |     1 |     2 ||     3
Armor: Leather armour    |    44 |    19 ||    63
       Ring mail         |       |     8 ||     8
Dodge: Dodged            |    96 |    57 ||   153
